 Dungeon Crawl Stone Soup version 0.30-b1-2-g02819fbbbe (webtiles) character file.

Game seed: 62564671414149240

1539602 Hedron the Scorcher (level 25, 224/224 HPs)
             Began as a Grey Draconian Conjurer on Nov 18, 2023.
             Was the Champion of Dithmenos.
             Escaped with the Orb
             ... and 3 runes on Nov 21, 2023!
             The game lasted 05:37:28 (77265 turns).

Hedron the Scorcher (Grey Draconian Conjurer)      Turns: 77265, Time: 05:37:29

Health: 224/224    AC: 38    Str: 10    XL:     25   Next: 7%
Magic:  67/68      EV: 15    Int: 40    God:    Dithmenos [******]
Gold:   2245       SH: 17    Dex: 10    Spells: 3/62 levels left

rFire   + + +        Y - +4 falchion "Xaet Puo" {holy, rC+ rN+ Will+ MP+9}
rCold   + + +        i - +5 kite shield {rC+}
rNeg    + + +        (body armour unavailable)
rPois   +            O - -2 hat of the Alchemist {rElec rPois rF+ rC+ rN+ Will+ rMut rCorr}
rElec   +            N - +2 cloak {rPois}
rCorr   +            T - +2 pair of gloves {rF+}
SInv    +            h - +2 pair of boots "Huim" {rN+}
Will    +++..        p - amulet of Fatigue {RegenMP MP+9 Dex+2}
Stlth   ++++         w - ring of Nuneic {rPois rF+ Int+6}
HPRegen 0.57/turn    v - ring of Moral Flaws {AC+4 SInv}
MPRegen 0.81/turn

%: resist mutation
@: ice-armoured, wreathed by umbra, studying Short Blades
A: AC +17, amphibious, unfitting armour, cold-blooded, hooves 1, clever 1, high
MP 1, screaming 1
0: Orb of Zot
}: 3/15 runes: decaying, slimy, gossamer
a: Renounce Religion, Shadow Step, Shadow Form


You escaped.
You worshipped Dithmenos.
Dithmenos was exalted by your worship.
You visited 10 branches of the dungeon, and saw 51 of its levels.
You visited 1 bazaar.
You also visited: Ossuary, Bailey, Ice Cave and Desolation.

You collected 5945 gold pieces.
You spent 3700 gold pieces at shops.

Inventory:

Hand Weapons
 b - the +8 rapier "Vaiveer" {venom, Dex+4}
   (You found it on level 10 of the Dungeon)

   Dex:       It affects your dexterity (+4).
 D - the +8 rapier "Myaxol" {protect, rElec rCorr Str+3 Dex-2}
   (You found it on level 5 of the Lair of Beasts)

   Str:       It affects your strength (+3).
   Dex:       It affects your dexterity (-2).
   rElec:     It insulates you from electricity.
   rCorr:     It protects you from acid and corrosion.
 Y - the +4 falchion "Xaet Puo" (weapon) {holy, rC+ rN+ Will+ MP+9}
   (You found it on level 12 of the Dungeon)

   rC:        It protects you from cold.
   rN:        It protects you from negative energy.
   MP:        It affects your magic capacity (+9).
   Will:      It increases your willpower.
Missiles
 s - 29 poisoned darts
 t - 15 curare-tipped darts
 F - 5 throwing nets
 I - 9 datura-tipped darts
Armour
 h - the +2 pair of boots "Huim" (worn) {rN+}
   (You found it on level 1 of the Swamp)

   rN:        It protects you from negative energy.
 i - a +5 kite shield of cold resistance (worn)
 N - a +2 cloak of poison resistance (worn)
 O - the -2 hat of the Alchemist (worn) {rElec rPois rF+ rC+ rN+ Will+ rMut rCorr}
   (You found it on level 1 of the Elven Halls)

   rF:        It protects you from fire.
   rC:        It protects you from cold.
   rElec:     It insulates you from electricity.
   rPois:     It protects you from poison.
   rN:        It protects you from negative energy.
   rCorr:     It protects you from acid and corrosion.
   rMut:      It protects you from mutation.
   Will:      It increases your willpower.
 T - a +2 pair of gloves of fire resistance (worn)
Magical Staves
 a - a staff of fire
Jewellery
 p - the amulet of Fatigue (around neck) {RegenMP MP+9 Dex+2}
   (You found it on level 3 of the Spider Nest)

   [amulet of magic regeneration]

   It increases your rate of magic regeneration.
   Dex:       It affects your dexterity (+2).
   MP:        It affects your magic capacity (+9).
 v - the ring of Moral Flaws (right hand) {AC+4 SInv}
   (You found it in an ice cave)

   [ring of protection]

   AC:        It affects your AC (+4).
   SInv:      It lets you see invisible.
 w - the ring of Nuneic (left hand) {rPois rF+ Int+6}
   (You took it off a deep elf high priest on level 3 of the Elven Halls)

   [ring of intelligence]

   Int:       It affects your intelligence (+6).
   rF:        It protects you from fire.
   rPois:     It protects you from poison.
 Z - the ring of the Mage {Wiz Archmagi}
   (You found it on level 5 of the Pits of Slime)

   [ring of wizardry]

   It improves your spell success rate.
   Archmagi:  It increases the power of your magical spells.
Wands
 c - a wand of flame (59)
 z - a wand of digging (17)
 E - a wand of paralysis (80)
 Q - a wand of iceblast (47)
 R - a wand of mindburst (32)
 S - a wand of quicksilver (28)
 W - a wand of polymorph (35)
Scrolls
 d - 7 scrolls of vulnerability
 e - 23 scrolls of teleportation
 g - 8 scrolls of blinking
 l - 2 scrolls of torment
 m - 14 scrolls of poison
 n - 28 scrolls of identify
 G - 6 scrolls of butterflies
 J - 7 scrolls of fog
 K - 2 scrolls of magic mapping
 P - 7 scrolls of immolation
 U - 2 scrolls of silence
 V - 9 scrolls of amnesia
 X - 9 scrolls of fear
Potions
 f - 7 potions of cancellation
 j - 7 potions of heal wounds
 k - 6 potions of resistance
 o - 12 potions of flight
 q - 3 potions of invisibility
 r - 16 potions of curing
 x - 14 potions of attraction
 B - 2 potions of magic
 C - 6 potions of haste
 H - 4 potions of mutation
 L - 11 potions of brilliance
 M - 10 potions of ambrosia
Miscellaneous
 y - a phial of floods


   Skills:
 - Level 18.3 Fighting
 - Level 14.0 Short Blades
 - Level 12.5 Dodging
 - Level 14.8 Stealth
 - Level 14.6 Shields
 - Level 19.0 Spellcasting
 - Level 14.0 Conjurations
 - Level 5.0 Necromancy
 - Level 2.2 Translocations
 + Level 20.7 Fire Magic
 - Level 4.8 Ice Magic
 - Level 5.2 Air Magic
 - Level 11.0 Earth Magic
 - Level 10.0 Invocations


You had 3 spell levels left.
You knew the following spells:

 Your Spells              Type           Power      Damage    Failure   Level
a - Magic Dart            Conj           100%       1d8       0%          1
b - Flame Wave            Conj/Fire      100%       2d21      0%          4
c - Dazzling Flash        Conj/Hex       100%       N/A       1%          3
d - Blink                 Tloc           100%       N/A       1%          2
e - Iskenderun's Mystic   Conj/Tloc      80%        2d16      1%          4
f - Sticky Flame          Conj/Fire      100%       2d11      0%          4
g - Fireball              Conj/Fire      54%        3d21      1%          5
h - Ignition              Fire           58%        3d16      1%          8
i - Iskenderun's Battles  Conj           100%       2d15      1%          5
j - Starburst             Conj/Fire      54%        6d15      1%          6
k - Plasma Beam           Fire/Air       48%        2x1d69    1%          6
l - Iron Shot             Conj/Erth      47%        9d9       1%          6
o - Ozocubu's Armour      Ice            67%        N/A       1%          3
s - Sublimation of Blood  Necr           67%        N/A       1%          2

Your spell library contained the following spells:

 Spells                   Type           Power      Damage    Failure   Level
 Foxfire                  Conj/Fire      100%       2x1d9     0%          1
 Sandblast                Erth           100%       2d20      0%          1
 Scorch                   Fire           100%       2d9       0%          2
 Searing Ray              Conj           100%       2d8       0%          2
 Freeze                   Ice            100%       1d10      1%          1
 Slow                     Hex            100%       N/A       1%          1
 Summon Small Mammal      Summ           100%       N/A       1%          1
 Cigotuvi's Dreadful Rot  Necr/Pois/Air  100%       N/A       1%          2
 Ensorcelled Hibernation  Hex/Ice        100%       N/A       1%          2
 Lesser Beckoning         Tloc           100%       N/A       1%          2
 Momentum Strike          Conj/Tloc      100%       3d10      1%          2
 Passwall                 Tmut/Erth      58%        N/A       1%          2
 Static Discharge         Conj/Air       100%       2-7/arc   1%          2
 Frozen Ramparts          Ice            100%       1d16      1%          3
 Gell's Gravitas          Tloc           54%        N/A       1%          3
 Hailstorm                Conj/Ice       85%        3d17      1%          3
 Ignite Poison            Fire/Tmut/Pois 76%        N/A       1%          3
 Inner Flame              Hex/Fire       88%        N/A       1%          3
 Mephitic Cloud           Conj/Pois/Air  74%        N/A       1%          3
 Swiftness                Air            69%        N/A       1%          3
 Teleport Other           Tloc           54%        N/A       1%          3
 Vampiric Draining        Necr           67%        2d10      1%          3
 Volatile Blastmotes      Fire/Tloc      100%       2d18      1%          3
 Call Canine Familiar     Summ           38%        N/A       4%          3
 Confusing Touch          Hex            38%        N/A       4%          3
 Summon Guardian Golem    Hex/Summ       38%        N/A       4%          3
 Airstrike                Air            34%        2d(5-21)  1%          4
 Fulminant Prism          Conj/Hex       38%        3d18      1%          4
 Leda's Liquefaction      Hex/Erth       35%        N/A       1%          4
 Petrify                  Tmut/Erth      70%        N/A       1%          4
 Freezing Cloud           Conj/Ice/Air   40%        6-21      1%          5
 Lee's Rapid Deconstruct  Erth           45%        3d22*     1%          5
 Irradiate                Conj/Tmut      38%        3d24      2%          5
 Conjure Ball Lightning   Conj/Air       43%        3x3d15    4%          6
 Orb of Destruction       Conj           50%        9d13      4%          7
 Anguish                  Hex/Necr       27%        N/A       5%          4
 Ice Form                 Ice/Tmut       55%        N/A       5%          4
 Summon Ice Beast         Ice/Summ       55%        N/A       5%          4
 Summon Lightning Spire   Summ/Air       56%        N/A       5%          4
 Passage of Golubria      Tloc           54%        N/A       6%          4
 Silence                  Hex/Air        28%        N/A       14%         5
 Cause Fear               Hex            19%        N/A       16%         4
 Metabolic Englaciation   Hex/Ice        27%        N/A       16%         5
 Statue Form              Tmut/Erth      46%        N/A       24%         6
 Simulacrum               Ice/Necr       33%        N/A       30%         6
 Summon Mana Viper        Hex/Summ       38%        N/A       38%         5
 Yara's Violent Unravell  Hex/Tmut       19%        3d9       38%         5
 Lehudib's Crystal Spear  Conj/Erth      47%        10d11     52%         8
 Eringya's Noxious Bog    Tmut/Pois      19%        N/A       93%         6
 Storm Form               Tmut/Air       28%        N/A       99%         7
 Dragon Form              Tmut           19%        N/A       100%        7
 Enfeeble                 Hex            19%        N/A       100%        7
 Malign Gateway           Summ/Tloc      23%        N/A       100%        7
 Monstrous Menagerie      Summ           19%        N/A       100%        7
 Borgnjor's Revivificati  Necr           33%        N/A       100%        8
 Summon Horrible Things   Summ           19%        N/A       100%        8


Dungeon Overview and Level Annotations

Branches:
Dungeon (15/15)            Temple (0/1) D:7            Lair (5/5) D:9
  Swamp (4/4) Lair:2       Spider (4/4) Lair:3        Slime (5/5) Lair:4
    Orc (2/2) D:11            Elf (3/3) Orc:2        Vaults (4/5) D:14
  Crypt (0/3) Vaults:3     Depths (4/4) D:15            Zot (5/5) Depths:4
Ossuary (visited)          Bailey (visited)           IceCv (visited)
Desolation (visited)

Altars:
Ashenzari
Cheibriados
Dithmenos
Gozag
Hepliaklqana
Nemelex Xobeh
Qazlal
Ru
Trog
Uskayaw
Vehumet
Xom
Jiyva
Lugonu

Shops:
D:7 *   D:14 ?   Orc:2 *:*[(   Elf:2 *   Elf:3 =   Vaults:3 (   Depths:1 *
Depths:3 =:=

Portals:
Hell: Depths:1 Depths:2 Depths:3 Depths:4
Abyss: Lair:5 Depths:3 Depths:4
Pandemonium: Depths:1 Depths:2 Depths:3
Ziggurat: Depths:4

Annotations:
D:13 Sonja


Innate Abilities, Weirdness & Mutations

Your dull iron-grey scales are very hard. (AC +17)
You are amphibious.
You cannot fit into any form of body armour.
You are cold-blooded and may be slowed by cold attacks.
You have large cloven feet.
Your mind is acute. (Int +4, Str/Dex -1)
You have an increased reservoir of magic. (+10% MP)
You occasionally shout uncontrollably at your foes.


Message History

(V) Vaults (C) Crypt (U) Depths (H) Hell (Z) Zot
Where to? (Enter - D:1 @ (x,y), ? - help)
There is an escape hatch in the ceiling here.
Magic restored.
There is a stone staircase leading up here.
You climb upwards.
There is a stone staircase leading down here.
There is a stone staircase leading up here.
You climb upwards.
There is a stone staircase leading down here.
An Orb Guardian comes into view.
You yell at the Orb Guardian!
Aiming: Iron Shot (mildly dangerous; 1% risk of failure)
Press: ? - help, Q - select action, (/) - cycle Shift-Dir - straight line, f - Orb Guardian
Aim: an Orb Guardian (umbra, 69% to hit)
The iron shot misses the Orb Guardian.
Your shadow mimicks your spell!
The shadow shard hits the Orb Guardian!!
Aiming: Iron Shot (mildly dangerous; 1% risk of failure)
Press: ? - help, Q - select action, (/) - cycle Shift-Dir - straight line, f/p - Orb Guardian
Aim: an Orb Guardian (moderately wounded, umbra, 69% to hit)
The iron shot hits the Orb Guardian!!!
You kill the Orb Guardian!
Dithmenos accepts your kill.
Your shadow mimicks your spell!
(D) Dungeon (T) Temple (L) Lair (S) Swamp (N) Spider Nest (M) Slime Pits (O) Orcish Mines (E) Elven Halls (V) Vaults (C) Crypt (U) Depths (H) Hell (Z) Zot
Where to? (Enter - D:1 @ (x,y), ? - help)
You open the door.
There is an open door here.
Magic restored.
There is an open door here.
There is a staircase leading out of the dungeon here.
Casting: Iron Shot (mildly dangerous; 1% risk of failure)
Confirm with . or Enter, or press ? or * to list all spells.
A film of ice covers your body!
You have escaped!

......# #.####.# ####.##.#
#####.# ##### #.########....##.#
..# #.# #...# #.......##.#####.#
#.# #.###.#.# #.#####.##...# #.#
#.# #.....#.# #.## #.####.# #.#
#.# ###...#.# #..# #......# #.#
#.####....#.# ##'# ####..### #.#
#.......#.#.###♣.♣##.......# #.#
#......#.....+..@..'.#.#...###.#
#.......#.#####~~~##(....##..[.#
#.#####.......#PPP###.##.##.##.#
#.# ###.#.#.#######.##.##.##.#
#.# #....#.........#.....##.#
#.######.#..####..##..#..#######
#.##.....#........#...#..#
#.##.######.......########
#....# #########


There were no monsters in sight!

Vanquished Creatures
  the Royal Jelly (Slime:5)
  2 dread liches (Zot:5)
  2 ancient liches (Zot:5)
  2 orbs of fire (Zot:5)
  A juggernaut (Depths:3)
  A curse toe (Zot:5)
  Frederick (Depths:4)
  Saint Roka (Depths:4)
  3 Killer Klowns
  2 golden dragons
  3 bone dragons
  An electric golem (Zot:5)
  A Tzitzimitl (D:12)
  Jorgrun (D:15)
  3 tentacled monstrosities
  Zenata (Elf:2)
  Mlioglotl (Spider:2)
  24 Orb Guardians
  3 liches
  2 deep elf blademasters (Elf:3)
  11 acid blobs
  A walking divine tome (Depths:3)
  3 quicksilver dragons
  2 sphinxes
  7 death cobs
  3 tengu reavers
  Kirke (D:15)
  7 storm dragons
  A thorn hunter (Swamp:3)
  5 draconian monks
  8 rockslimes
  9 azure jellies (Slime:5)
  3 draconian knights
  4 fire giants
  7 ghost moths
  7 emperor scorpions
  2 iron dragons (Depths:4)
  6 vault wardens
  7 frost giants
  2 imperial myrmidons (Desolation)
  3 deep elf sorcerers
  A balrug (Depths:1)
  6 draconian scorchers
  9 deep elf elementalists (Elf:3)
  Aizul (Elf:2)
  5 orc warlords
  2 draconian annihilators
  A cacodemon (D:14)
  5 draconian shifters
  15 ironbound preservers
  11 quicksilver oozes
  24 very ugly things
  2 spriggan defenders (Depths:4)
  A war gargoyle (Vaults:2)
  10 stone giants
  6 ironbound thunderhulks
  2 vampire knights
  Nessos (Lair:3)
  4 broodmothers
  Azrael (D:13)
  A lorocyproca (D:10)
  3 eleionomae
  3 yellow draconians
  5 black draconians
  4 white draconians
  9 green draconians
  7 deep elf annihilators (Elf:3)
  8 purple draconians
  2 deep elf demonologists (Elf:3)
  9 dire elephants (Vaults:4)
  A halazid warlock (Desolation)
  8 red draconians
  6 bunyips
  13 spark wasps
  Snorg (D:13)
  2 crystal guardians
  7 ettins
  7 deep elf death magi (Elf:3)
  The ghost of diceflayer the Nimble, a journeyman DsGl of Okawaru (D:11)
  2 shambling mangroves
  Josephine (Spider:1)
  A merfolk impaler (Depths:1)
  3 entropy weavers
  12 great orbs of eyes
  9 yaktaur captains
  6 deep elf high priests
  13 fire dragons
  11 ragged hierophants (Desolation)
  9 vault guards
  19 hydras
  4 peacekeepers
  A rakshasa (Depths:1)
  7 servants of whispers
  13 ice dragons
  3 hell beasts
  4 radroaches
  3 ghost crabs
  3 spriggan air magi
  3 jorogumos
  4 boulder beetles
  18 centaur warriors
  An alligator (shapeshifter) (Vaults:2)
  An anaconda (shapeshifter) (Vaults:4)
  A death knight (D:13)
  Erica (D:8)
  44 dancing weapons
  8 ironbound frosthearts
  A catoblepas (Lair:4)
  8 alligators
  5 two-headed ogres
  7 deep troll shamans
  13 death yaks
  5 tengu warriors
  8 deep troll earth magi
  2 vampire magi
  5 orc high priests
  7 spriggan berserkers
  3 thrashing horrors (Lair:5)
  A soul eater (Depths:1)
  4 hell knights (Depths:1)
  2 sun demons
  19 deep elf knights
  16 iron trolls
  3 sixfirhies
  The ghost of discopopstar the Summoner, a novice OpSu of Gozag (D:7)
  8 goliath frogs
  6 skeletal warriors
  Amaemon (D:8)
  5 pharaoh ants
  6 spriggan druids
  A sun moth (Spider:4)
  3 flayed ghosts
  3 fire crabs (Swamp:4)
  10 orb spiders
  34 deep trolls
  A quicksilver dragon simulacrum (Depths:4)
  2 glowing orange brains
  7 orc knights
  13 swamp dragons
  An orange crystal statue (Spider:3)
  8 wizards
  4 phantasmal warriors
  7 harpies
  An orb spider (shapeshifter) (Vaults:2)
  2 lindwurms (Vaults:2)
  A swamp dragon (shapeshifter) (Vaults:4)
  3 bog bodies
  6 steelbarb worms
  5 necromancers
  24 deep elf zephyrmancers
  12 ironbound convokers
  10 deep elf archers
  30 deep elf pyromancers
  4 orc sorcerers
  43 ugly things
  2 shining eyes
  27 wolf spiders
  4 cyclopes
  2 will-o-the-wisps
  16 moths of wrath
  23 elephants
  2 salamanders (shapeshifter)
  2 ice statues (IceCv)
  Maurice (D:8)
  6 demonic crawlers
  A stone giant skeleton (Vaults:4)
  A human skeleton (Vaults:4)
  3 black mambas
  3 guardian serpents (Desolation)
  17 vault sentinels
  2 smoke demons
  3 orange demons
  2 eyes of devastation
  A gargoyle (D:11)
  An elf skeleton (Vaults:1)
  6 torpor snails
  A hellion (Depths:3)
  6 cane toads
  7 yaktaurs
  7 komodo dragons
  2 kobold demonologists (D:11)
  6 rime drakes
  3 tengu conjurers
  2 ice devils
  2 freezing wraiths
  An efreet (D:7)
  An ancient zyme (Lair:5)
  A yaktaur skeleton (Vaults:1)
  A queen bee (shapeshifter) (D:15)
  6 trolls
  2 bloated husks
  2 polar bears
  2 hellwings
  6 meliai (D:14)
  9 tyrant leeches
  Prince Ribbit (Bailey)
  29 tarantellas
  32 blink frogs
  32 hornets
  55 saltlings
  A fire giant simulacrum (Vaults:4)
  42 jumping spiders
  2 dream sheep (Lair:4)
  112 slime creatures
  17 culicivoras
  A centaur simulacrum (D:14)
  A vampire (D:11)
  3 air elementals
  11 water elementals
  Sigmund (D:4)
  17 spriggans
  4 wyverns
  7 fire elementals
  A hog (shapeshifter) (Vaults:3)
  35 yaks
  4 ynoxinuls
  4 hogs
  23 humans
  8 wraiths
  A golden eye (shapeshifter) (Lair:5)
  7 basilisks
  4 chaos spawn
  2 neqoxecs (Depths:3)
  17 vampire mosquitoes
  2 wargs
  9 steam dragons
  47 redbacks
  3 large abominations (Lair:5)
  21 swamp worms
  A glowing shapeshifter zombie (Vaults:1)
  4 hell hounds (D:13)
  2 acid dragons
  A glowing shapeshifter skeleton (Vaults:4)
  Edmund (D:6)
  Duvessa (D:5)
  2 floating eyes
  14 water moccasins
  44 orc warriors
  10 swamp drakes
  2 black bears
  2 ice beasts
  5 wolves (Lair:3)
  4 ogres
  7 centaurs
  A phantom (D:4)
  3 kobold brigands
  21 bullfrogs
  2 earth elementals
  A gnoll sergeant (D:9)
  6 scorpions
  3 wights (D:6)
  Dowan (D:5)
  5 killer bees (D:11)
  A human simulacrum (Vaults:4)
  3 lindwurm simulacra (IceCv)
  4 howler monkeys
  4 jellies
  3 komodo dragon simulacra (IceCv)
  4 centaur zombies (Ossuary)
  A hound (D:6)
  26 orc priests
  Crazy Yiuf (D:4)
  3 iguanas
  Ijyb (D:4)
  2 gnoll boudas
  An iguana (shapeshifter) (Vaults:3)
  7 hell rats (Lair:4)
  28 orc wizards
  12 small abominations
  7 mummies
  18 gnolls
  10 acid dragon simulacra (IceCv)
  6 adders
  A shadow imp (D:7)
  16 white imps
  An ufetubus (D:6)
  5 steam dragon simulacra (IceCv)
  A worm (D:2)
  3 dart slugs
  81 orcs
  6 bats
  4 endoplasms
  2 giant cockroaches
  4 hobgoblins
  9 jackals
  4 quokkas
  5 ball pythons
  13 goblins
  A hobgoblin zombie (Ossuary)
  12 kobolds
  4 rats
  6 briar patches (Swamp:1)
  2 bushes (Lair:3)
2148 creatures vanquished.

Vanquished Creatures (others)
  A red devil (D:15)
  A bloated husk (Swamp:1)
  A spriggan (Swamp:1)
  A block of ice (D:15)
  6 foxfires
  69 fungi
  146 plants
  5 withered plants (D:2)
230 creatures vanquished.

Grand Total: 2378 creatures vanquished

Notes
Turn   | Place    | Note
-------+----------+-------------------------------------------
     0 | D:1      | Hedron the Draconian Conjurer began the quest for the Orb.
     0 | D:1      | Reached XP level 1. HP: 14/14 MP: 3/3
   152 | D:1      | Reached XP level 2. HP: 9/20 MP: 0/5
   289 | D:1      | Learned a level 2 spell: Searing Ray
   433 | D:1      | Reached skill level 5 in Conjurations
   433 | D:1      | Reached XP level 3. HP: 23/26 MP: 1/6
  1080 | D:2      | Learned a level 3 spell: Dazzling Flash
  1389 | D:2      | Identified the +6 dagger "Ciuviuxa" {freeze, Dex+3}
  1422 | D:2      | Reached XP level 4. HP: 33/33 MP: 3/7
  1655 | D:2      | Found a faded altar of an unknown god.
  2160 | D:3      | Noticed a scorpion
  2207 | D:3      | Killed a scorpion
  2208 | D:3      | Reached XP level 5. HP: 38/38 MP: 0/8
  2600 | D:3      | Found a sparkling altar of Nemelex Xobeh.
  3055 | D:4      | Reached XP level 6. HP: 27/45 MP: 1/9
  3071 | D:4      | Noticed Ijyb
  3212 | D:4      | Killed Ijyb
  3737 | D:4      | Found a runed translucent door.
  3738 | D:4      | Noticed Crazy Yiuf
  3892 | D:4      | Noticed Sigmund
  3899 | D:4      | Killed Sigmund
  3900 | D:4      | Your scales start taking on a dull iron-grey colour.
  3900 | D:4      | Reached XP level 7. HP: 50/50 MP: 1/12
  4253 | D:4      | Killed Crazy Yiuf
  4369 | D:4      | Learned a level 4 spell: Fulminant Prism
  4370 | D:5      | Entered Level 5 of the Dungeon
  4613 | D:5      | Found a shadowy altar of Dithmenos.
  4843 | D:5      | Noticed Duvessa
  4869 | D:5      | Killed Duvessa
  4870 | D:5      | Reached skill level 5 in Spellcasting
  4881 | D:5      | Noticed Dowan
  4894 | D:5      | Killed Dowan
  5000 | D:5      | Found a snail-covered altar of Cheibriados.
  5000 | D:5      | Noticed a torpor snail
  5000 | D:5      | Noticed a torpor snail
  5003 | D:5      | Noticed a torpor snail
  5253 | D:5      | Reached XP level 8. HP: 57/57 MP: 10/16
  5259 | D:5      | Learned a level 4 spell: Iskenderun's Mystic Blast
  5684 | D:5      | Found a bloodstained altar of Trog.
  5850 | D:5      | Became a worshipper of Dithmenos the Shadowed
  5867 | D:6      | Found a sand-covered staircase.
  5910 | Ossuary  | Entered an ossuary
  6229 | D:6      | Reached * piety under Dithmenos
  6630 | D:6      | Found an opulent altar of Gozag.
  6817 | D:6      | Noticed Edmund
  6831 | D:6      | Killed Edmund
  7037 | D:6      | Learned a level 4 spell: Sticky Flame
  7049 | D:6      | Reached skill level 1 in Fire Magic
  7049 | D:6      | Reached XP level 9. HP: 57/61 MP: 13/21
  7369 | D:6      | Reached skill level 2 in Fire Magic
  7634 | D:7      | Reached skill level 3 in Fire Magic
  7868 | D:7      | Reached skill level 4 in Fire Magic
  8003 | D:7      | Found a radiant altar of Vehumet.
  8036 | D:7      | Reached skill level 5 in Fire Magic
  8162 | D:7      | Reached ** piety under Dithmenos
  8391 | D:7      | Found a runed translucent gate.
  8391 | D:7      | Found a runed translucent gate.
  8391 | D:7      | Found a runed translucent gate.
  8392 | D:7      | Noticed discopopstar's ghost (novice OpSu)
  8392 | D:7      | Noticed an efreet
  8477 | D:7      | Found a staircase to the Ecumenical Temple.
  8569 | D:7      | Found Soitimme's Fire Supplies.
  8575 | D:7      | Bought Sif Muna's Precepts of Ignition for 364 gold pieces
  8581 | D:7      | Learned a level 5 spell: Fireball
  8762 | D:8      | Noticed Erica
  8800 | D:8      | Killed Erica
  8801 | D:8      | Reached skill level 7 in Fire Magic
  8894 | D:8      | Found a shimmering altar of Xom.
  8919 | D:8      | Found a flagged portal.
  9006 | Bailey   | Entered a bailey
  9080 | Bailey   | Reached XP level 10. HP: 58/69 MP: 6/22
  9110 | Bailey   | Reached skill level 8 in Fire Magic
  9342 | Bailey   | Noticed a vault guard
  9342 | Bailey   | Noticed Prince Ribbit
  9347 | Bailey   | Killed Prince Ribbit
  9358 | Bailey   | Killed a vault guard
  9359 | Bailey   | Reached skill level 9 in Fire Magic
  9496 | Bailey   | Noticed a vault guard
  9503 | Bailey   | Killed a vault guard
  9504 | Bailey   | Reached skill level 10 in Fire Magic
  9736 | D:8      | Found a hide-covered altar of Uskayaw.
  9834 | D:8      | Noticed Maurice
  9838 | D:8      | Killed Maurice
 10042 | D:8      | Reached skill level 5 in Fighting
 10256 | D:8      | Found a stormy altar of Qazlal.
 10413 | D:8      | Reached *** piety under Dithmenos
 10819 | D:9      | Reached XP level 11. HP: 89/89 MP: 11/23
 11121 | D:9      | Found a staircase to the Lair.
 11137 | D:9      | Found a hazy altar of Hepliaklqana.
 11507 | D:9      | Noticed Amaemon
 11560 | D:8      | Killed Amaemon
 11561 | D:8      | Reached skill level 5 in Dodging
 12267 | Lair:1   | Entered Level 1 of the Lair of Beasts
 13049 | Lair:1   | Reached skill level 5 in Stealth
 14407 | Lair:2   | Noticed a death yak
 14410 | Lair:2   | Noticed a death yak
 14410 | Lair:2   | Noticed a death yak
 14427 | Lair:2   | Noticed a death yak
 14429 | Lair:2   | Killed a death yak
 14808 | Lair:2   | Reached XP level 12. HP: 92/95 MP: 20/24
 14923 | Lair:2   | Found a staircase to the Swamp.
 15152 | Lair:2   | Noticed a boulder beetle
 15206 | Lair:2   | Killed a death yak
 15223 | Lair:2   | Killed a boulder beetle
 15224 | Lair:2   | Reached skill level 10 in Dodging
 15242 | Lair:1   | Killed a death yak
 16127 | Lair:2   | Killed a death yak
 16420 | Lair:2   | Reached **** piety under Dithmenos
 16564 | Lair:3   | Noticed a six-headed hydra
 16566 | Lair:3   | Noticed Nessos
 17108 | Lair:2   | Reached skill level 10 in Spellcasting
 17296 | Lair:3   | Killed a six-headed hydra
 17445 | Lair:3   | Killed Nessos
 17704 | Lair:3   | Noticed a death yak
 17705 | Lair:3   | Noticed a death yak
 17706 | Lair:3   | Noticed a death yak
 17706 | Lair:3   | Noticed a death yak
 17707 | Lair:3   | Noticed a death yak
 17719 | Lair:3   | Killed a death yak
 17746 | Lair:2   | Killed a death yak
 17899 | Lair:3   | Identified the +4 long sword "Paedoa Jeem" {freeze, Int+2
                  | SInv}
 17953 | Lair:3   | Reached XP level 13. HP: 102/102 MP: 7/28
 18154 | Lair:3   | Learned a level 2 spell: Blink
 18230 | Lair:3   | Found a hole to the Spider Nest.
 18482 | Lair:3   | Reached skill level 1 in Translocations
 19030 | Lair:3   | Reached XP level 14. HP: 111/111 MP: 28/31
 20665 | Lair:4   | Found a staircase to the Slime Pits.
 20666 | Lair:4   | Found a viscous altar of Jiyva.
 21200 | Lair:5   | Entered Level 5 of the Lair of Beasts
 21631 | Lair:5   | Reached ***** piety under Dithmenos
 21711 | Lair:5   | Reached skill level 1 in Invocations
 22746 | Lair:5   | Reached skill level 11 in Fire Magic
 23945 | Lair:5   | Reached skill level 12 in Fire Magic
 24731 | Lair:5   | Found a corrupted altar of Lugonu.
 24731 | Lair:5   | Found a one-way gate to the infinite horrors of the Abyss.
 24740 | Lair:5   | Identified the +8 rapier "Myaxol" {protect, rElec rCorr
                  | Str+3 Dex-2}
 24863 | Lair:3   | Reached XP level 15. HP: 121/121 MP: 8/33
 25111 | D:7      | Bought a +2 tower shield of fire resistance for 301 gold
                  | pieces
 25111 | D:7      | Bought a +0 pair of gloves of fire resistance for 161 gold
                  | pieces
 25178 | D:10     | Entered Level 10 of the Dungeon
 25185 | D:10     | Reached skill level 13 in Fire Magic
 25992 | D:10     | Identified the +8 rapier "Vaiveer" {venom, Dex+4}
 26034 | D:10     | You fall into a shaft and drop 1 floor!
 26904 | D:11     | Found a staircase to the Orcish Mines.
 27102 | D:11     | Learned a level 8 spell: Ignition
 27364 | D:11     | Reached skill level 14 in Fire Magic
 27797 | D:11     | Found a transporter.
 27802 | D:11     | Noticed diceflayer's ghost (journeyman DsGl)
 27817 | D:11     | Found a transporter.
 28690 | D:12     | Identified the +4 falchion "Xaet Puo" {holy, rC+ rN+ Will+
                  | MP+9}
 29183 | D:12     | Found a sacrificial altar of Ru.
 29225 | D:13     | Learned a level 5 spell: Iskenderun's Battlesphere
 29609 | D:13     | Noticed Sonja
 29740 | Orc:1    | Entered Level 1 of the Orcish Mines
 29745 | Orc:1    | Reached ****** piety under Dithmenos
 29847 | Orc:2    | Entered Level 2 of the Orcish Mines
 29997 | Orc:2    | Reached skill level 15 in Fire Magic
 30511 | Orc:2    | Found a frozen archway.
 30551 | Orc:2    | Found a staircase to the Elven Halls.
 30578 | IceCv    | Entered an ice cave
 30912 | IceCv    | Identified the ring of Moral Flaws {AC+4 SInv}
 31198 | Orc:2    | Found Varchyono's CLEARANCE SALE!.
 31205 | Orc:2    | Bought 2 potions of heal wounds for 80 gold pieces
 31205 | Orc:2    | Bought a scroll of amnesia for 32 gold pieces
 31992 | Orc:2    | Found Lizaf's Antique Armour Boutique.
 31993 | Orc:2    | Found Wifeelour's Antique Weapon Shop.
 31995 | Orc:2    | Found Dishra Kinu's General Store.
 31995 | Orc:2    | Found Kemm's Book Boutique.
 32550 | D:13     | Noticed Azrael
 32561 | D:13     | Killed Azrael
 32799 | D:13     | Noticed Snorg
 32804 | D:13     | Killed Snorg
 32805 | D:13     | Reached skill level 15 in Spellcasting
 32863 | D:14     | Found Zepsyw's Magic Scroll Boutique.
 32866 | D:14     | Bought a scroll of teleportation for 51 gold pieces
 32866 | D:14     | Bought a scroll of teleportation for 51 gold pieces
 32866 | D:14     | Bought a scroll of teleportation for 51 gold pieces
 32866 | D:14     | Bought a scroll of enchant armour for 127 gold pieces
 33053 | D:14     | Reached XP level 16. HP: 119/128 MP: 11/35
 33736 | D:14     | Found a gate to the Vaults.
 33771 | D:14     | Learned a level 4 spell: Flame Wave
 34137 | D:15     | Entered Level 15 of the Dungeon
 34230 | D:15     | Noticed Kirke
 34241 | D:15     | Noticed a sphinx
 34364 | D:15     | Noticed Jorgrun
 34372 | D:15     | Killed Jorgrun
 34787 | D:15     | Killed Kirke
 34894 | D:15     | Found a staircase to the Depths.
 35386 | Swamp:1  | Entered Level 1 of the Swamp
 35394 | Swamp:1  | Reached skill level 1 in Shields
 36069 | Swamp:1  | Reached skill level 5 in Shields
 36562 | Swamp:1  | Found a transporter.
 36656 | Swamp:1  | Found a transporter.
 37518 | Swamp:3  | Noticed a thorn hunter
 37529 | Swamp:3  | Killed a thorn hunter
 37711 | Swamp:2  | Reached XP level 17. HP: 135/139 MP: 25/37
 37738 | Swamp:3  | Reached skill level 10 in Fighting
 37896 | Swamp:3  | Reached skill level 16 in Fire Magic
 38307 | Swamp:4  | Entered Level 4 of the Swamp
 38906 | Swamp:4  | Reached skill level 17 in Fire Magic
 39547 | Swamp:4  | Got a decaying rune of Zot
 39640 | Spider:1 | Entered Level 1 of the Spider Nest
 39795 | Lair:3   | Reached skill level 18 in Fire Magic
 39922 | Spider:1 | Noticed Josephine
 40150 | Spider:1 | Killed Josephine
 40958 | Spider:1 | Learned a level 6 spell: Starburst
 41320 | Spider:1 | Identified the +2 ring mail of Least Resistance {Contam
                  | Rampage rPois}
 41501 | Spider:2 | Noticed Mlioglotl
 41551 | Spider:2 | Killed Mlioglotl
 41552 | Spider:2 | Reached skill level 10 in Shields
 41558 | Spider:2 | Reached XP level 18. HP: 141/148 MP: 21/38
 43047 | Spider:3 | Found a transporter.
 43047 | Spider:3 | Found a transporter.
 43381 | Spider:4 | Entered Level 4 of the Spider Nest
 43589 | Spider:3 | Learned a level 6 spell: Plasma Beam
 43852 | Spider:4 | Reached skill level 1 in Air Magic
 44638 | Spider:4 | Reached skill level 5 in Air Magic
 44965 | Spider:4 | Got a gossamer rune of Zot
 45182 | D:7      | Killed discopopstar's ghost
 45336 | D:11     | Killed diceflayer's ghost
 45570 | Swamp:1  | Identified the amulet of Zugeutt {Spirit rCorr Str+5 Dex-5}
 45572 | Swamp:1  | Identified the +2 pair of boots "Huim" {rN+}
 45908 | Spider:3 | Identified the amulet of Fatigue {RegenMP MP+9 Dex+2}
 45924 | Spider:3 | Identified the +9 arbalest of Venn {penet, rC+}
 46197 | Vaults:1 | Entered Level 1 of the Vaults
 46385 | Vaults:1 | Reached skill level 19 in Fire Magic
 46385 | Vaults:1 | Reached XP level 19. HP: 138/161 MP: 4/40
 47847 | Vaults:2 | Identified the +7 flail "Doxkikk" {flame, *Rage rElec Int+2
                  | Stlth+}
 47894 | Vaults:2 | Found a crumbling gateway.
 47940 | Desolati | Entered the Desolation of Salt
 47975 | Desolati | Identified the ring of the Ladybird {Drain +Blink Will+
                  | rCorr}
 48175 | Desolati | Identified the amulet of Vomnoig {Faith Will+ Dex+4 Stlth+}
 48994 | Vaults:2 | Identified the +3 ring mail of the Beekeeper {rF+ Str-5
                  | Int+9 Dex-2}
 49162 | Vaults:2 | Reached XP level 20. HP: 154/171 MP: 6/41
 49262 | Vaults:2 | Identified the +2 short sword of Aqoykh Uvun {freeze, rN+
                  | Dex+2}
 49375 | Vaults:2 | Identified the ring "Citwolir" {Wiz Dex+3}
 49674 | Vaults:2 | Identified the -1 pair of gloves of Untruth {-Tele Str+4
                  | Dex+3}
 50287 | Vaults:3 | Found Kogaros's Antique Weapon Emporium.
 50295 | Vaults:3 | Bought a translucent mace for 256 gold pieces
 50295 | Vaults:3 | Identified the +7 mace of the Resonant God {antimagic, rF+
                  | rC- Will+ Int+3} (You bought it in a shop on level 3 of the
                  | Vaults)
 50326 | Vaults:3 | Noticed a bone dragon
 50344 | Vaults:3 | Killed a bone dragon
 50465 | Vaults:3 | Found a staircase to the Crypt.
 51253 | Vaults:3 | Reached skill level 15 in Fighting
 51438 | Vaults:3 | Reached skill level 5 in Invocations
 51631 | Vaults:3 | Identified the orb "Vashru" {*Rage, Drain rF++ Str+4}
 51635 | Vaults:3 | Got the Discursus on the Salvo
 52980 | Vaults:4 | Reached skill level 10 in Invocations
 53143 | Vaults:4 | Identified the +0 rapier of Amuph {elec, MP+9}
 53160 | Vaults:4 | Reached skill level 10 in Conjurations
 53348 | Vaults:4 | Found a gateway to a bazaar.
 54024 | Bazaar   | Entered a bazaar
 54038 | Bazaar   | Found Sodaeps's Book Shoppe.
 54038 | Bazaar   | Found Fiemm's Magic Scroll Emporium.
 54060 | Bazaar   | Found Neruh's Magic Scroll Shoppe.
 54076 | Bazaar   | Found Ducapse's Armour Emporium.
 54117 | Bazaar   | Bought a scroll of enchant armour for 67 gold pieces
 54117 | Bazaar   | Bought a scroll of poison for 36 gold pieces
 54117 | Bazaar   | Bought a scroll of poison for 36 gold pieces
 54132 | Bazaar   | Bought a scroll of teleportation for 36 gold pieces
 54132 | Bazaar   | Bought a scroll of butterflies for 48 gold pieces
 54132 | Bazaar   | Bought a scroll of enchant armour for 90 gold pieces
 54132 | Bazaar   | Bought a scroll of magic mapping for 90 gold pieces
 54132 | Bazaar   | Bought a scroll of teleportation for 36 gold pieces
 54132 | Bazaar   | Bought a scroll of poison for 48 gold pieces
 54391 | Depths:1 | Entered Level 1 of the Depths
 54853 | Depths:1 | Found a gateway to Hell.
 55139 | Depths:1 | Reached XP level 21. HP: 184/184 MP: 37/42
 55423 | Depths:1 | Found Lusegioc's Assorted Antiques.
 55439 | Depths:1 | Bought 3 scrolls of blinking for 540 gold pieces
 55439 | Depths:1 | Bought a wand of paralysis (6) for 345 gold pieces
 55439 | Depths:1 | Bought a scroll of teleportation for 72 gold pieces
 55475 | Depths:1 | Reached skill level 1 in Short Blades
 56141 | Depths:1 | Found a one-way gate leading to the halls of Pandemonium.
 56142 | Depths:1 | Identified the +0 pair of gloves of Dice, Bag, and Bottle
                  | {rF- Will+ Dex+3}
 56514 | Depths:2 | Reached skill level 5 in Short Blades
 57887 | Depths:3 | Found a broken altar of Ashenzari.
 58044 | Depths:3 | Noticed a juggernaut
 58052 | Depths:3 | Killed a juggernaut
 58189 | Depths:3 | Reached skill level 10 in Short Blades
 58433 | Depths:3 | Found Vepestin's Book Emporium.
 58434 | Depths:3 | Found Jootur's Jewellery Shop.
 58434 | Depths:3 | Found Fettuley's Jewellery Shop.
 59471 | Depths:3 | Reached XP level 22. HP: 191/192 MP: 28/43
 60134 | Depths:4 | Entered Level 4 of the Depths
 60134 | Depths:4 | Found a one-way gateway to a ziggurat.
 60135 | Depths:4 | Noticed Frederick
 60161 | Depths:4 | Killed Frederick
 60366 | Depths:4 | Noticed Saint Roka
 60371 | Depths:4 | Killed Saint Roka
 62204 | Depths:4 | Found a gate to the Realm of Zot.
 62678 | Elf:1    | Entered Level 1 of the Elven Halls
 63737 | Elf:1    | Found the -2 hat of the Alchemist {rElec rPois rF+ rC+ rN+
                  | Will+ rMut rCorr}
 64155 | Elf:2    | Noticed Zenata
 64159 | Elf:2    | Killed Zenata
 64282 | Elf:2    | Noticed Aizul
 64286 | Elf:2    | Killed Aizul
 64524 | Elf:2    | Found Qoigeam's General Store.
 64955 | Elf:2    | Found a runed translucent gate.
 64956 | Elf:2    | Found a runed translucent gate.
 64956 | Elf:2    | Found a runed translucent gate.
 65375 | Depths:3 | Bought the Incunable of Geology and Therianthropy for 782
                  | gold pieces
 65382 | Depths:3 | Learned a level 6 spell: Iron Shot
 65776 | Elf:2    | Reached skill level 1 in Earth Magic
 65931 | Elf:2    | Reached XP level 23. HP: 197/199 MP: 38/46
 66085 | Elf:2    | Reached skill level 5 in Earth Magic
 66691 | Elf:3    | Entered Level 3 of the Elven Halls
 67206 | Elf:3    | Identified the +10 double sword "Feagesuz" {flame, Contam
                  | rPois rN+++ Stlth+}
 67413 | Elf:3    | Reached skill level 10 in Earth Magic
 67489 | Elf:3    | Learned a level 3 spell: Ozocubu's Armour
 67497 | Elf:3    | Learned a level 2 spell: Sublimation of Blood
 67645 | Elf:3    | Identified the +7 halberd of Pics {spect, Will+ SInv}
 67645 | Elf:3    | Identified the ring of Vycvesic {rElec rPois}
 67934 | Elf:3    | Found Bynweana's Jewellery Emporium.
 67995 | Elf:3    | Reached skill level 1 in Ice Magic
 68150 | Elf:3    | Identified the +7 hand axe of the Beginning {protect, rElec
                  | rN+}
 68159 | Elf:3    | Identified the +8 plate armour of Leapfrog {rF+ Regen+
                  | Dex+3}
 68159 | Elf:3    | Identified the ring of Nuneic {rPois rF+ Int+6}
 68160 | Elf:3    | Identified the +11 rapier of Yeast {freeze, rElec rPois rF-
                  | Int-3}
 68352 | Elf:3    | Found the +3 greatsling "Punk" {acid, rCorr}
 68378 | Elf:3    | Got the Quarto of the Calid Spider
 68423 | Elf:3    | Identified the +3 ring mail of Theory {*Corrode Fly Will+}
 68426 | Elf:3    | Identified the +4 plate armour of Lesser Demons {Dex+4}
 68713 | Slime:1  | Entered Level 1 of the Pits of Slime
 68723 | Slime:1  | Reached skill level 1 in Necromancy
 69740 | Slime:3  | Reached skill level 5 in Necromancy
 70134 | Slime:5  | Entered Level 5 of the Pits of Slime
 70173 | Slime:5  | Noticed the Royal Jelly
 70188 | Slime:5  | Killed the Royal Jelly
 70189 | Slime:5  | Reached skill level 10 in Stealth
 70682 | Slime:5  | Paralysed by a great orb of eyes for 5 turns
 70962 | Slime:5  | Found the ring of the Mage {Wiz Archmagi}
 70963 | Slime:5  | Found the +27 heavy crossbow "Sniper" {heavy, Acc+∞ SInv}
 71004 | Slime:5  | Identified the +0 plate armour of the Beginning {*Corrode
                  | rPois Regen+}
 71008 | Slime:5  | Got a slimy rune of Zot
 71010 | Slime:5  | Got the Cyclopedia of Moving Left-Handed Magic
 71043 | Slime:5  | Got the Textbook on Incandescence and Topomancy
 71067 | Slime:5  | Identified the +1 robe of the Gate {Int+8}
 71085 | Slime:5  | Identified the +0 scale mail of Toemokh {Int+2}
 71105 | Slime:5  | Identified the +10 longbow of Sudden Death {antimagic, rC+
                  | Int+4}
 71854 | Zot:1    | Entered Level 1 of the Realm of Zot
 72238 | Zot:2    | Reached XP level 24. HP: 212/212 MP: 46/46
 72601 | Zot:3    | Noticed a Killer Klown
 72708 | Zot:3    | Killed a Killer Klown
 74009 | Zot:5    | Entered Level 5 of the Realm of Zot
 74812 | Zot:4    | Identified the +4 hand axe of Untimely Demise {freeze, rC+
                  | Int+2}
 75118 | Zot:5    | Noticed an ancient lich
 75131 | Zot:5    | Killed an ancient lich
 75204 | Zot:5    | Noticed a dread lich
 75214 | Zot:5    | Killed a dread lich
 75365 | Zot:5    | Noticed an orb of fire
 75372 | Zot:5    | Gained mutation: You occasionally shout uncontrollably at
                  | your foes. [an orb of fire]
 75378 | Zot:5    | Killed an orb of fire
 75671 | Zot:5    | Noticed a dread lich
 75702 | Zot:5    | Noticed an orb of fire
 75711 | Zot:5    | Gained mutation: You occasionally lose the ability to read
                  | scrolls when taking damage. [an orb of fire]
 75714 | Zot:5    | Gained mutation: Your mind is acute. (Int +4, Str/Dex -1)
                  | [an orb of fire]
 75722 | Zot:5    | Killed an orb of fire
 75787 | Zot:5    | Lost mutation: Your mind is acute. (Int +4, Str/Dex -1)
                  | [potion of mutation]
 75787 | Zot:5    | Lost mutation: You occasionally lose the ability to read
                  | scrolls when taking damage. [potion of mutation]
 75787 | Zot:5    | Gained mutation: You have large cloven feet. [potion of
                  | mutation]
 75787 | Zot:5    | Gained mutation: You have an increased reservoir of magic.
                  | (+10% MP) [potion of mutation]
 75787 | Zot:5    | Gained mutation: Your mind is acute. (Int +4, Str/Dex -1)
                  | [potion of mutation]
 75838 | Zot:5    | Killed a dread lich
 75997 | Zot:5    | Noticed an ancient lich
 76004 | Zot:5    | Killed an ancient lich
 76017 | Zot:5    | Noticed a Killer Klown
 76026 | Zot:5    | Killed a Killer Klown
 76087 | Zot:5    | Noticed a Killer Klown
 76101 | Zot:5    | Killed a Killer Klown
 76344 | Zot:5    | Reached skill level 20 in Fire Magic
 76634 | Zot:5    | Got the Orb of Zot
 76649 | Zot:5    | Noticed an orb of fire
 76915 | D:15     | Reached XP level 25. HP: 224/224 MP: 50/50
 76920 | D:15     | Noticed Fuemizekle the pandemonium lord
 77137 | D:6      | Noticed Rasousithri the pandemonium lord
 77265 | D:$      | Escaped with the Orb!

Illustrated notes

Levels and vault maps discovered:
D:1:      tarquinn_simple_flora_water_e, layout_basic
D:2:      layout_loops_ring, shapermc_ecumenical_altar_flowoftime,
          kennysheep_pointless_box
D:3:      layout_rooms, old_standard_altar
D:4:      nicolae_cairo_tiling_large_dashed, layout_basic, portal_sewer_entry_d,
          uniq_crazy_yiuf_cottage, uniq_ijyb, uniq_sigmund
D:5:      layout_basic, trog_antimagical, cheibriados_altar_2,
          grunt_dithmenos_smoke_and_mirrors, dk_noncrumbling_2, uniq_duvessa
D:6:      layout_loops_ring, mainiacjoe_overflow_surrounded_room,
          gup_ossuary_entry_pyramid, uniq_edmund
D:7:      layout_cave_pools, vehumet_crystals, minmay_temple_entry_stoned_glass,
          gammafunk_ghost_split, serial_rivers, chequers_serial_rivers_small_a,
          chequers_serial_rivers_small_3, chequers_serial_rivers_micro_c,
          chequers_serial_rivers_small_a, nicolae_shop_fire_sale
          [nicolae_sub_dead_trees]
D:8:      layout_basic, dk_xom_monty_hall, mainiacjoe_overflow_cross_hatched,
          eat_drink_and_be_merry_uskayaw, enter_bailey_5, grunt_decor_junction,
          uniq_erica, uniq_maurice
D:9:      layout_cave_pools, lemuel_crystal_altar, hangedman_decor_push,
          st_stairs_9, nicolae_kite_square_tiling_tiny, uniq_amaemon
D:10:     kennysheep_spiral_hall, layout_basic, minivault_12
D:11:     layout_loops_ring, david_orc_4, gammafunk_ghost_berserking_beasts
D:12:     layout_rooms, nicolae_ru_awakened_eye
D:13:     layout_irregular_city, nrook_mini_backslash, uniq_sonja, uniq_azrael,
          uniq_snorg
D:14:     layout_basic, grunt_vaults_entry_tiered, serial_shops,
          nicolae_stop_n_shop_1, minmay_misc_feat_ornament
D:15:     grunt_enter_depths_snipers, layout_irregular_city, grunt_decor_cap,
          uniq_kirke, uniq_jorgrun
Lair:1:   wad_woods_structure_01, layout_loops_ring
Lair:2:   layout_roguey, minmay_swamp_entry_worms, nzn_sisyphean_effort
Lair:3:   layout_regular_city, spider_nest_entry_a,
          nicolae_volcano_entry_two_sided, uniq_nessos
Lair:4:   layout_regular_city, slime_entry_1
Lair:5:   hellmonk_lair_end_abyssal_woods, layout_regular_city
Swamp:1:  gammafunk_worm_tunnel, layout_basic_swamp, evilmike_swamp_ruin_wall,
          swamp_pool1
Swamp:2:  layout_falls_marsh, evilmike_swamp_ruin_house_5
Swamp:3:  layout_basic_swamp, nicolae_swamp_some_circles,
          infiniplex_staircase_pool_2
Swamp:4:  swamp_fiery, layout_basic_swamp, swamp_pool3,
          infiniplex_staircase_pool
Spider:1: spiders_nest_scorpion_pit, drop_trap,
          hangedman_spider_tarantella_strand, uniq_josephine
Spider:2: layout_spider_delve, nicolae_spider_checkerboard, uniq_mlioglotl
Spider:3: gammafunk_sealed_arena
Spider:4: spider_rune_water
Slime:1:  layout_caves
Slime:2:  layout_caves, cheibrodos_slime_lost_civilization_5
Slime:3:  cheibrodos_slime_lost_civilization_8, layout_caves
Slime:4:  layout_caves
Slime:5
Orc:1:    layout_caves
Orc:2:    st_orc_congregation, layout_caves, portal_ice_cave_entry_imps,
          nicolae_shop_clearance
Elf:1:    layout_geoelf_grid, hangedman_elven_crosses_minicolossus,
          hex_intersection
Elf:2:    nicolae_elf_blades_splatter_lattice [nicolae_blade_tridents],
          layout_loops_cross, serial_shops, shop, uniq_aizul, uniq_zenata
Elf:3:    minmay_elf_hall_x, layout_onion_city, serial_shops,
          nicolae_shop_pleasant_corner_grove
Vaults:1: v_pattern_4, vaults_room_grunt_arrival_checkpoint, v_rooms_1,
          hangedman_vaults_capsules, grunt_vaults_twisty,
          nicolae_vaults_trapezoid_layered, nicolae_vaults_stepped_doors,
          nicolae_vaults_little_squares_6, ontoclasm_vaults_hangar, v_misc_16,
          vaults_room_pools, layout_vaults_ring
Vaults:2: portal_desolation_entry_nicolae_nacl, nicolae_vaults_sesquioval_fish,
          v_misc_33, nicolae_vaults_ring_of_whatevers,
          nicolae_vaults_mini_display_case, nicolae_vaults_closet_pinwheel_1,
          hangedman_vaults_nails, nicolae_vaults_storing_the_good_stuff,
          nicolae_vaults_closet_pinwheel_4, nicolae_vaults_gold_heap,
          layout_vaults_omnigrid
Vaults:3: nicolae_vaults_thirteen_compartments,
          nicolae_vaults_ellipses_ellipsis, grunt_vaults_funnel,
          vaults_dpeg_encased_lava, nicolae_vaults_layer_cake_slice,
          nicolae_vaults_two_Ls, nicolae_vaults_trapezoid_layered,
          nicolae_vaults_little_squares_5, nicolae_vaults_little_squares_3,
          nicolae_vaults_border_crossing, vaults_dpeg_emergency_exit,
          layout_vaults_big_room, minmay_crypt_entry_nasty_monster,
          serial_shops, nicolae_shop_peninsula
Vaults:4: nicolae_vaults_security_offices_1, nicolae_vaults_tetromino_T_1,
          ontoclasm_vaults_misaligned, nicolae_vaults_windows_and_doors_thing,
          nicolae_vaults_network_s, ontoclasm_vaults_idyll, v_misc_14,
          nicolae_vaults_network_barrier, nicolae_vaults_yaktaur_gun_rack,
          nicolae_vaults_trapezoid_lopsided_2, nicolae_vaults_double_plus_2,
          v_misc_19, hangedman_vaults_hat, layout_vaults_omnibox, serial_shops,
          bzr_entry_safe
Depths:1: nicolae_cairo_tiling_large, layout_gridlike, corexii_leaking_fountain,
          hell_entry, serial_shops, nicolae_shop_crystal,
          rand_demon_pan_entry_4, chequers_serial_rivers_large_a,
          serial_bayou_lagoon_b
Depths:2: minmay_inner_zag, layout_honeycomb, minmay_misc_feat_more_columns,
          rand_demon_pan_entry_7, serial_shops, nicolae_shop_stone, hell_entry,
          infiniplex_staircase_pool_lava
Depths:3: evilmike_diamond_2, layout_basic, nicolae_ashenzari_skybound,
          grunt_pan_entry_zigzag, abyss_entry, hell_entry, minmay_shop_grove,
          minmay_staircase_windowed_small, serial_bayou_shore_b
Depths:4: grunt_zot_entry_bicorn, layout_cave_shapes, enter_ziggurat_c,
          grunt_mini_vestibule, abyss_entry, nicolae_eternal_life,
          grunt_decor_resistance, uniq_frederick, uniq_saint_roka
Zot:1:    layout_basic
Zot:2:    layout_misc_corridors, hangedman_swamp_dais
Zot:3:    layout_gridlike, nzn_ghost_randoct, st_stairs_4,
          hangedman_feature_mirror
Zot:4:    layout_cathedral_of_symmetry, grunt_megastairs_1
Zot:5:    layout_onion

Skill      XL: |  1  2  3  4  5  6  7  8  9 10 11 12 13 14 15 16 17 18 19 20 21 22 23 24 |
---------------+-------------------------------------------------------------------------+-----
Conjurations   | 5 6 7 8 9 11 14 | 14.0
Spellcasting   | 3 5 8 11 13 14 15 16 17 19 | 19.0
Fire Magic     | 1 7 10 12 15 18 19 20 | 20.7
Fighting       | 5 6 8 9 10 12 13 15 16 18 | 18.3
Dodging        | 2 8 12 | 12.5
Stealth        | 6 7 8 10 14 | 14.8
Translocations | 2 |  2.2
Invocations    | 3 10 | 10.0
Shields        | 8 10 14 | 14.6
Air Magic      | 5 |  5.2
Short Blades   | 13 14 | 14.0
Earth Magic    | 3 11 | 11.0
Ice Magic      | 4 |  4.8
Necromancy     | 5 |  5.0

Action                     |  1- 3 |  4- 6 |  7- 9 | 10-12 | 13-15 | 16-18 | 19-21 | 22-24 | 25-27 || total
---------------------------+-------+-------+-------+-------+-------+-------+-------+-------+-------++-------
  Melee: Unarmed           |     2 |       |       |       |       |       |       |       |       ||     2
         Spear             |     8 |       |       |       |       |       |       |       |       ||     8
         Tailslap          |     1 |     5 |    14 |    40 |    22 |    16 |    22 |     5 |       ||   125
         Dagger            |       |    22 |    77 |   138 |    75 |       |       |       |       ||   312
         Staff             |       |       |     5 |    49 |    18 |    15 |       |     6 |       ||    93
         Punch             |       |       |       |     5 |     2 |       |       |       |       ||     7
         Rapier            |       |       |       |       |     6 |    60 |    55 |    74 |       ||   195
         Falchion          |       |       |       |       |       |     1 |     5 |       |     3 ||     9
  Throw: Dart              |       |       |       |     3 |       |       |       |       |       ||     3
         Javelin           |       |       |       |     1 |       |       |       |       |       ||     1
   Cast: Magic Dart        |    52 |    79 |   163 |    47 |   174 |    62 |    56 |   101 |       ||   734
         Searing Ray       |     2 |     8 |    19 |     4 |       |       |       |       |       ||    33
         Dazzling Flash    |       |     1 |     2 |     4 |     8 |     4 |     2 |       |       ||    21
         Iskenderun's Myst |       |       |    14 |     3 |    15 |     2 |    15 |    12 |       ||    61
         Sticky Flame      |       |       |    19 |    64 |    83 |    36 |     4 |       |       ||   206
         Fireball          |       |       |     4 |   113 |   362 |   323 |     6 |       |       ||   808
         Blink             |       |       |       |       |     1 |     1 |     2 |     2 |       ||     6
         Iskenderun's Batt |       |       |       |       |     9 |    11 |    14 |    14 |       ||    48
         Flame Wave        |       |       |       |       |       |    15 |       |       |       ||    15
         Ignition          |       |       |       |       |       |    91 |   135 |    80 |       ||   306
         Starburst         |       |       |       |       |       |    42 |    28 |    27 |       ||    97
         Plasma Beam       |       |       |       |       |       |    36 |   459 |   390 |     5 ||   890
         Iron Shot         |       |       |       |       |       |       |       |   321 |    12 ||   333
         Sublimation of Bl |       |       |       |       |       |       |       |    26 |       ||    26
         Ozocubu's Armour  |       |       |       |       |       |       |       |    15 |     1 ||    16
  Evoke: Wand              |       |       |       |     3 |    11 |     5 |       |     4 |       ||    23
    Use: Potion            |     2 |       |     5 |     3 |     2 |    10 |    13 |     5 |     1 ||    41
         Scroll            |     4 |     4 |     6 |    14 |     8 |     7 |     8 |    14 |       ||    65
   Stab: Invisible         |       |       |     1 |     3 |     3 |     2 |     4 |       |       ||    13
         Sleeping          |       |       |       |     1 |     2 |     1 |       |       |       ||     4
         Paralysed         |       |       |       |     3 |       |       |       |       |       ||     3
 Armour: Skin              |     7 |    12 |   144 |   143 |   102 |   210 |   142 |   167 |       ||   927
  Dodge: Dodged            |    15 |    16 |   180 |   221 |   288 |   243 |   183 |   172 |     3 ||  1321
  Block: Kite shield       |       |       |       |       |       |   141 |   236 |   268 |     5 ||   650
